 Dungeon Crawl Stone Soup version 0.31-a0-833-gc15d34cb79 (webtiles) character file.

Game seed: 4010358365628144931

152 DApurpleWHUMPUS the Conjurer (level 5, -6/28 HPs)
             Began as a Deep Elf Conjurer on Sept 26, 2023.
             Was an Initiate of Vehumet.
             Mangled by Edmund
             ... wielding a +5 flail of protection
              (10 damage)
             ... on level 4 of the Dungeon.
             The game lasted 00:07:40 (2987 turns).

DApurpleWHUMPUS the Conjurer (Deep Elf Conjurer)    Turns: 2987, Time: 00:07:41

Health: -6/28      AC:  3    Str:  4    XL:     5   Next: 11%
Magic:  7/14       EV: 13    Int: 25    God:    Vehumet [......]
Gold:   148        SH:  0    Dex: 13    Spells: 6/13 levels left

rFire   . . .        k - +1 dagger (venom)
rCold   . . .        c - orb {guile}
rNeg    . . .        f - +0 robe {Will+}
rPois   .            (no helmet)
rElec   .            (no cloak)
rCorr   .            p - +0 pair of gloves
SInv    .            (no boots)
Will    .....        (no amulet)
Stlth   ++           (no ring)
HPRegen 0.24/turn    (no ring)
MPRegen 0.14/turn

%: no passive effects
@: enlightened, flying
A: no striking features
a: Renounce Religion


You were on level 4 of the Dungeon.
You worshipped Vehumet.
Vehumet was noncommittal.
You visited 1 branch of the dungeon, and saw 4 of its levels.

You collected 148 gold pieces.

Inventory:

Hand Weapons
 k - a +1 dagger of venom (weapon)
Armour
 a - a +0 robe
 c - an orb of guile (worn)
 f - a +0 robe of willpower (worn)
 p - a +0 pair of gloves (worn)
Wands
 n - a wand of flame (25)
Scrolls
 d - a scroll of identify {unknown}
 g - a scroll of fear {unknown}
 m - 3 scrolls of teleportation {unknown}
 o - a scroll of enchant armour {unknown}
 q - a scroll of enchant weapon {unknown}
Potions
 b - a potion of magic
 h - a potion of berserk rage {unknown}
 i - a potion of brilliance {unknown}
 j - a potion of degeneration {unknown}
 l - a potion of heal wounds {unknown}


   Skills:
 + Level 3.1 Dodging
 + Level 3.4 Stealth
 * Level 4.7 Spellcasting
 * Level 5.3 Conjurations
 + Level 1.2 Ice Magic
 + Level 0.3 Air Magic


You had 6 spell levels left.
You knew the following spells:

 Your Spells              Type           Power      Damage    Failure   Level
a - Magic Dart            Conj           100%       1d8       1%          1
b - Searing Ray           Conj           64%        2d6       1%          2
c - Freeze                Ice            48%        1d6       5%          1
d - Swiftness             Air            7%         N/A       22%         3

Your spell library contained the following spells:

 Spells                   Type           Power      Damage    Failure   Level
 Hailstorm                Conj/Ice       22%        3d7       7%          3
 Apportation              Tloc           10%        N/A       9%          1
 Dazzling Flash           Conj/Hex       38%        N/A       9%          3
 Ensorcelled Hibernation  Hex/Ice        16%        N/A       10%         2
 Passwall                 Tmut/Erth      4%         N/A       13%         2
 Frozen Ramparts          Ice            24%        1d4       16%         3
 Fulminant Prism          Conj/Hex       9%         3d7       28%         4
 Iskenderun's Mystic Bla  Conj/Tloc      19%        2d6       28%         4


Dungeon Overview and Level Annotations

Branches:
Dungeon (4/15)
 Temple: D:4-7

Altars:
Kikubaaqudgha
Okawaru
Sif Muna
Vehumet

Annotations:
D:4 Edmund


Message History

Aim: Edmund, wielding a +5 flail of protection, wearing a +1 leather armour of cold resistance and carrying a wand of flame (lightly wounded, 68% to hit)
The puff of flame hits Edmund.
Edmund is lightly wounded.
Okay, then.
Casting: Magic Dart (safe; 1% risk of failure)
Confirm with . or Enter, or press ? or * to list all spells.
Aiming: Searing Ray (safe; 1% risk of failure)
Press: ? - help, Shift-Dir - straight line, f/p - Edmund
Aim: Edmund, wielding a +5 flail of protection, wearing a +1 leather armour of cold resistance and carrying a wand of flame (lightly wounded, 81% to hit)
The searing ray hits Edmund.
Edmund is moderately wounded. (Press . to maintain the ray.)
The searing ray misses Edmund.
Edmund hits you with a +5 flail of protection!
The searing ray hits Edmund but does no damage.
Edmund is moderately wounded.
Edmund hits you with a +5 flail of protection!
The searing ray hits Edmund!
Edmund is heavily wounded.
You finish channelling your searing ray.
Edmund zaps a wand.
The puff of flame hits you!
* * * LOW HITPOINT WARNING * * *
Casting: Searing Ray (safe; 1% risk of failure)
Confirm with . or Enter, or press ? or * to list all spells.
You don't know that spell.
Okay, then.
Casting: Searing Ray (safe; 1% risk of failure)
Confirm with . or Enter, or press ? or * to list all spells.
Okay, then.
Casting: Searing Ray (safe; 1% risk of failure)
Confirm with . or Enter, or press ? or * to list all spells.
Okay, then.
Okay, then.
Okay, then.
It was a potion of enlightenment.
You feel very buoyant.
You fly up into the air.
Edmund hits you with a +5 flail of protection!
You die...
Edmund whines, "They better pay attention to me now!"

#...........#. .#............
............. ............
....#...#.. ...........#
#..........
...........####.........
...........#..#.........
......W@................
.......@.........)......
.).......##.............
##...######....).......@
.......##.... ##...............
..............##..........#.....
............##.............##..#.
............ #.............##.##.
...........#####..........###.##.
#...........# ##..........#..#..


You could see Edmund and a phantom.

Vanquished Creatures
  A hound (D:4)
  Jessica (D:2)
  4 adders
  2 dart slugs
  7 endoplasms
  2 giant cockroaches
  2 goblins (D:2)
  4 hobgoblins
  7 kobolds
  8 quokkas
  6 ball pythons
  A bat (D:1)
  4 frilled lizards
  6 rats
55 creatures vanquished.

Notes
Turn   | Place    | Note
-------+----------+-------------------------------------------
     0 | D:1      | DApurpleWHUMPUS the Deep Elf Conjurer began the quest for
                  | the Orb.
     0 | D:1      | Reached XP level 1. HP: 10/10 MP: 6/6
   318 | D:1      | Reached XP level 2. HP: 15/15 MP: 4/8
   417 | D:1      | Learned a level 2 spell: Searing Ray
   419 | D:1      | Learned a level 1 spell: Freeze
  1051 | D:2      | Noticed Jessica
  1058 | D:2      | Killed Jessica
  1059 | D:2      | Reached XP level 3. HP: 19/19 MP: 1/10
  1242 | D:2      | Reached skill level 5 in Conjurations
  1516 | D:2      | Reached XP level 4. HP: 24/24 MP: 10/12
  2061 | D:3      | Reached skill level 1 in Ice Magic
  2231 | D:3      | Found a shimmering blue altar of Sif Muna.
  2231 | D:3      | Found an ancient bone altar of Kikubaaqudgha.
  2233 | D:3      | Found a radiant altar of Vehumet.
  2240 | D:3      | Got a faded book
  2248 | D:3      | Learned a level 3 spell: Swiftness
  2253 | D:3      | Became a worshipper of Vehumet
  2385 | D:3      | Found an iron altar of Okawaru.
  2781 | D:4      | Noticed Edmund
  2883 | D:4      | Reached XP level 5. HP: 28/28 MP: 9/14
  2980 | D:4      | Noticed a phantom
  2987 | D:4      | Mangled by Edmund

Illustrated notes

Levels and vault maps discovered:
D:1:      lightli_arrival_statue_moat, layout_loops_cross
D:2:      layout_basic, grunt_decor_cap, st_stairs_10, uniq_jessica
D:3:      layout_rooms, grunt_temple_overflow_magic_moments,
          mainiacjoe_overflow_boulevard
D:4:      layout_cave_pools, uniq_edmund

Skill      XL: |  1  2  3  4 |
---------------+-------------+-----
Spellcasting   | 4 |  4.7
Stealth        | 3 |  3.4
Conjurations   | 5 |  5.3
Dodging        | 3 |  3.1
Ice Magic      | 1 |  1.2
Air Magic      | |  0.3

Action                     |  1- 3 |  4- 6 || total
---------------------------+-------+-------++-------
  Melee: Unarmed           |    13 |       ||    13
         Dagger            |       |     2 ||     2
   Cast: Magic Dart        |    60 |    48 ||   108
         Freeze            |     2 |       ||     2
         Searing Ray       |       |     2 ||     2
         Swiftness         |       |     1 ||     1
  Evoke: Wand              |       |     6 ||     6
    Use: Potion            |       |     1 ||     1
 Armour: Robe              |    17 |     6 ||    23
  Dodge: Dodged            |    14 |     3 ||    17

Table legend: (Time is in decaauts)
 A = Elapsed time spent in this place.
 B = Non-inter-level travel time spent in this place.
 C = Inter-level travel time spent in this place.
 D = Time resting spent in this place.
 E = Time spent auto-exploring this place.
 F = Levels seen in this place.
 G = Mean time per level.
                   A        B        C        D        E       F      G
               +--------+--------+--------+--------+--------+-----+--------+
         Total |   2983 |   2912 |     71 |    263 |   2267 |   4 |  745.8 |
       Dungeon |   2983 |   2912 |     71 |    263 |   2267 |   4 |  745.8 |
               +--------+--------+--------+--------+--------+-----+--------+

Top non-repeatable levels by time:
     D:1: 1051 daAuts
     D:2: 972 daAuts
     D:3: 746 daAuts
     D:4: 213 daAuts
